 Dungeon Crawl Stone Soup version 0.28-a0-1616-g050a50673c (console) character file.

Game seed: 3690294800327733516

37 Cab the Chopper (level 3, 0/29 HPs)
             Began as a Demonspawn Fighter on Jan 22, 2022.
             Succumbed to a scorpion's poison
             ... on level 2 of the Dungeon.
             The game lasted 00:02:14 (971 turns).

Cab the Chopper (Demonspawn Fighter)                 Turns: 971, Time: 00:02:15

Health: 0/29       AC:  8    Str: 18    XL:     3   Next: 23%
Magic:  3/3        EV:  9    Int:  9    God:
Gold:   17         SH:  6    Dex: 12    Spells: 2/2 levels left

rFire   . . .      SeeInvis .   a - +0 war axe
rCold   . . .      Faith    .   i - +2 buckler
rNeg    + . .      Spirit   .   b - +0 scale mail
rPois   +          Reflect  .   (no helmet)
rElec   .          Harm     .   (no cloak)
rCorr   .          Rampage  .   (no gloves)
Will    .....                   (no boots)
Stlth   ..........              (no amulet)
HPRegen 0.09/turn               g - ring of poison resistance
MPRegen 0.08/turn               h - ring of positive energy

@: lethally poisoned (0 -> -3)
A: icy blue scales 1, spiny 1
a: no special abilities


You were on level 2 of the Dungeon.
You visited 1 branch of the dungeon, and saw 2 of its levels.

You collected 17 gold pieces.

Inventory:

Hand Weapons
 a - a +0 war axe (weapon)
Armour
 b - a +0 scale mail (worn)
 i - a +2 buckler (worn)
Jewellery
 g - a ring of poison resistance (left hand)
 h - a ring of positive energy (right hand)
Scrolls
 e - a scroll of silence {unknown}
 f - 2 scrolls of identify {unknown}
Potions
 d - a potion of might


   Skills:
 - Level 3.0 Fighting
 + Level 3.4 Axes
 - Level 2.6 Armour
 - Level 2.6 Shields


You had 2 spell levels left.
You didn't know any spells.
Your spell library was empty.

Dungeon Overview and Level Annotations

Branches:
Dungeon (2/15)

Altars:

Shops:
D:1 (


Innate Abilities, Weirdness & Mutations

You are partially covered in icy blue scales. (AC +2)
You are partially covered in sharp spines.


Message History

A scorpion comes into view.
You slash the scorpion!
The scorpion is heavily wounded.
The scorpion stings you. You block the scorpion's attack.
You hit the scorpion.
The scorpion is heavily wounded.
The scorpion stings you but does no damage.
You hit the scorpion.
The scorpion is almost dead.
The scorpion stings you.
You are poisoned.
The scorpion poisons you! You block the scorpion's attack.
You hit the scorpion but do no damage.
The scorpion is almost dead.
You feel very sick. The scorpion barely misses you. The scorpion stings you.
You closely miss the scorpion.
The scorpion is almost dead.
You feel sick. The scorpion stings you!
You are too injured to fight recklessly!
You are too injured to fight recklessly!
You are too injured to fight recklessly!
You are too injured to fight recklessly!
You are too injured to fight recklessly!
You are too injured to fight recklessly!
You are too injured to fight recklessly!
You are too injured to fight recklessly!
You are too injured to fight recklessly!
Press: ? - help, v - describe, . - travel
Here: a scorpion (almost dead)
The floor.
You closely miss the scorpion.
The scorpion is almost dead.
You feel sick. The scorpion closely misses you. The scorpion stings you.
* * * LOW HITPOINT WARNING * * *
Okay, then.
Unknown command.
You hit the scorpion.
You kill the scorpion!
You die...

▒∙▒ ▒∙▒ ▒∙▒ ▒∙▒ ▒∙▒ ▒∙▒
▒∙▒▒▒▒▒▒▒▒▒∙▒ ▒▒∙▒▒▒▒▒
▒∙∙∙∙∙∙∙∙∙∙∙▒▒▒▒▒∙∙∙∙)∙∙
▒▒▒▒∙∙∙∙∙∙∙∙[∙∙∙∙∙▒▒▒
▒∙▒▒▒▒▒▒▒▒▒∙∙∙∙▒ ▒∙▒
▒▒▒▒∙▒ ▒@▒ ▒∙▒ ▒%▒ ▒∙▒
▒∙▒ ▒∙▒ ▒∙▒ ▒∙∙ ∙∙∙ ▒∙▒
▒∙∙ ▒▒▒


There were no monsters in sight!

Vanquished Creatures
  A scorpion (D:2)
  3 dart slugs (D:1)
  3 ball pythons
  3 endoplasms (D:1)
  A giant cockroach (D:1)
  6 goblins (D:1)
  2 hobgoblins (D:1)
  2 jackals (D:1)
  3 bats (D:1)
  3 frilled lizards (D:1)
  A kobold (D:2)
  A rat (D:1)
29 creatures vanquished.

Notes
Turn   | Place    | Note
-------+----------+-------------------------------------------
     0 | D:1      | Cab the Demonspawn Fighter began the quest for the Orb.
     0 | D:1      | Reached XP level 1. HP: 18/18 MP: 1/1
   129 | D:1      | Gained mutation: You are partially covered in icy blue
                  | scales. (AC +2) [demonic ancestry]
   129 | D:1      | Reached XP level 2. HP: 24/24 MP: 2/2
   370 | D:1      | Gained mutation: You are partially covered in sharp spines.
                  | [demonic ancestry]
   370 | D:1      | Reached XP level 3. HP: 26/29 MP: 3/3
   401 | D:1      | Found Zeaf's Weapon Shop.
   961 | D:2      | Noticed a scorpion
   970 | D:2      | HP: 1/29 [scorpion (6)]
   971 | D:2      | Killed a scorpion
   971 | D:2      | Succumbed to a scorpion's poison

Illustrated notes

Levels and vault maps discovered:
D:1:      heliophobic_arrival_dark_side_of_the_moon, layout_basic, serial_shops,
          nicolae_square_shop
D:2:      layout_loops_ring, nicolae_ecumenical_pavilion

Skill      XL: |  1  2 |
---------------+-------+-----
Axes           | 2 3 |  3.4
Fighting       | |  3.0
Armour         | |  2.6
Shields        | |  2.6

Action                   || total
-------------------------++-------
Melee: War axe           ||    61
Armor: Scale mail        ||    23
Dodge: Dodged            ||    32
Block: Buckler           ||    16

Table legend: (Time is in decaauts)
 A = Elapsed time spent in this place.
 B = Non-inter-level travel time spent in this place.
 C = Inter-level travel time spent in this place.
 D = Time resting spent in this place.
 E = Time spent auto-exploring this place.
 F = Levels seen in this place.
 G = Mean time per level.
                   A        B        C        D        E       F      G
               +--------+--------+--------+--------+--------+-----+--------+
         Total |    994 |    987 |      7 |      0 |    794 |   2 |  497.0 |
       Dungeon |    994 |    987 |      7 |      0 |    794 |   2 |  497.0 |
               +--------+--------+--------+--------+--------+-----+--------+

Top non-repeatable levels by time:
     D:1: 938 daAuts
     D:2: 55 daAuts
